cohdb
Replays
Latest Replays
All Replays
Popular Replays
Top Player Replays
Match Explorer
How It Works
Community
CoH3 Stats
Reddit
Sign in to upload your games and track your stats! →
Sign in with Steam
Match 44757273
Unlisted
Match 44757273
Overview
Messages
Build Orders
End
Vickers Machine Gun Team
Construct Section Command Post
Infantry Section
Infantry Section
Infantry Section
Construct Platoon Command Post
Selects Heavy Armor Battlegroup
Selects Rigorous Vehicle Training
Selects Forward Repair Assembly
Infantry Section
Humber Armored Car
Royal Engineer Section
Construct Field Infirmary
Infantry Training
Grenade Package
6-pounder Anti-tank Gun Team
Kannamix
咚咚锵个腿
0
0
Comments
sign in to comment!
No comments posted yet!